 Dungeon Crawl Stone Soup version 0.24.0-125-gc4c63601f3 (webtiles) character file.

Game seed: 11496864740058022014, levelgen mode: deterministic

35 Iscandelvey the Vexing (level 3, -1/26 HPs)
             Began as a Demonspawn Arcane Marksman on Feb 18, 2020.
             Slain by a gnoll
             ... wielding a +0 whip
              (11 damage)
             ... on level 2 of the Dungeon.
             The game lasted 00:00:43 (744 turns).

Iscandelvey the Vexing (Demonspawn Arcane Marksman)  Turns: 744, Time: 00:00:44

Health: -1/26      AC:  2    Str: 10    XL:     3   Next: 16%
Magic:  4/4        EV: 12    Int: 15    God:
Gold:   41         SH:  0    Dex: 13    Spells: 3/4 levels left

rFire    . . .     SeeInvis .   a - +0 hunting sling
rCold    . . .     Gourm    .   (no shield)
rNeg     . . .     Faith    .   e - +0 robe
rPois    .         Spirit   .   (no helmet)
rElec    .         Reflect  .   (no cloak)
rCorr    .         Harm     .   (no gloves)
MR       .....                  (no boots)
Stlth    +.........             (no amulet)
HPRegen  0.08/turn              (no ring)
MPRegen  0.09/turn              (no ring)

@: no status effects
A: powered by pain 1
a: no special abilities


You were on level 2 of the Dungeon.
You were not hungry.

You visited 1 branch of the dungeon, and saw 2 of its levels.

You collected 41 gold pieces.

Inventory:

Hand Weapons
 a - a +0 hunting sling (weapon)
Missiles
 c - 12 stones
 d - 5 sling bullets (quivered)
Armour
 e - a +0 robe (worn)
Scrolls
 b - a scroll of blinking {unknown}
 g - a scroll of immolation {unknown}
 h - a scroll of teleportation {unknown}
 i - a scroll of enchant armour {unknown}
 l - 2 scrolls of identify {unknown}
Potions
 j - a potion of degeneration {unknown}
 k - 2 potions of berserk rage {unknown}
 m - a potion of curing {unknown}
 n - a potion of might {unknown}
Comestibles
 f - 4 rations


   Skills:
 + Level 1.1 Fighting
 + Level 2.5 Slings
 + Level 1.9 Dodging
 + Level 1.0 Spellcasting
 + Level 3.6 Hexes


You had 3 spell levels left.
You knew the following spells:

 Your Spells              Type           Power        Failure   Level  Hunger
a - Corona                Hex            ##.....      5%          1    ##.....

Your spell library contained the following spells:

 Spells                   Type           Power        Failure   Level  Hunger
 Slow                     Hex            ##......     9%          2    ###....
 Inner Flame              Hex/Fire       #.......     34%         3    ####...
 Portal Projectile        Hex/Tloc       #.....       34%         3    ####...
 Cause Fear               Hex            ##........   50%         4    #####..
 Leda's Liquefaction      Hex/Erth       #.........   75%         4    #####..


Dungeon Overview and Level Annotations

Branches:
Dungeon (2/15)

Altars:


Innate Abilities, Weirdness & Mutations

You sometimes gain a little power by taking damage.


Message History

You shoot a sling bullet. The sling bullet hits the bat!
You kill the bat!
Firing (i - inventory. (/) - cycle)
d - 6 sling bullets (quivered)
Press: ? - help, Shift-Dir - straight line, f - gnoll
Aim: a gnoll, wielding a +0 whip You shoot a sling bullet.
The sling bullet barely misses the gnoll.
The sling bullet hits the gnoll.
The gnoll is severely wounded.
The gnoll throws a throwing net.
The throwing net hits you.
You become entangled in the net!
You cannot shoot with your hunting sling while held in a net.
Unknown command.
You cannot shoot with your hunting sling while held in a net.
You struggle against the net.
The gnoll barely misses you.
You struggle against the net.
The gnoll barely misses you.
You cannot shoot with your hunting sling while held in a net.
You struggle against the net.
The gnoll hits you with a +0 whip.
You rip the net and break free!
The gnoll hits you with a +0 whip!
You die... #....(....# +.........+ ......... ....... ..(.. .gg

#g# #g# #@#
##.## ##†..##
#.....#
##...##
##.#######
#.####........
#......#######
######.#


You could see 3 gnolls and a goblin.

Vanquished Creatures
  A worm (D:2)
  4 dart slugs
  2 giant cockroaches (D:2)
  3 goblins
  3 hobgoblins (D:1)
  4 kobolds
  A ball python (D:1)
  5 bats
  A frilled lizard (D:1)
  2 rats
26 creatures vanquished.

Notes
Turn   | Place    | Note
-------+----------+-------------------------------------------
     0 | D:1      | Iscandelvey the Demonspawn Arcane Marksman began the quest
                  | for the Orb.
     0 | D:1      | Reached XP level 1. HP: 15/15 MP: 2/2
    82 | D:1      | Gained mutation: You sometimes gain a little power by
                  | taking damage. [demonic ancestry]
    82 | D:1      | Reached XP level 2. HP: 5/21 MP: 3/3
   679 | D:2      | Reached XP level 3. HP: 26/26 MP: 4/4
   744 | D:2      | Slain by a gnoll

Levels and vault maps discovered:
D:1:      dpeg_arrival_shrine, layout_rooms
D:2:      layout_loops_corners, lemuel_doored_altar

Skill      XL: |  1 |
---------------+----+-----
Slings         | 2 |  2.5
Fighting       | |  1.1
Dodging        | |  1.9
Spellcasting   | |  1.0
Hexes          | |  3.6

Action                   || total
-------------------------++-------
 Fire: Hunting sling     ||    70
Armor: Robe              ||     5
Dodge: Dodged            ||    25
